 Dungeon Crawl Stone Soup version 0.29.0-11-gd7f09526c8 (webtiles) character file.

Game seed: 3702506614049268669

3174 mtoz the Ducker (level 9, -3/57 HPs)
             Began as a Merfolk Venom Mage on Sept 7, 2022.
             Succumbed to a water moccasin's poison
             ... on level 7 of the Dungeon.
             The game lasted 01:00:24 (10007 turns).

mtoz the Ducker (Merfolk Venom Mage)               Turns: 10007, Time: 01:00:24

Health: -3/57      AC:  9    Str:  8    XL:     9   Next: 95%
Magic:  14/18      EV: 17    Int: 19    God:
Gold:   460        SH:  0    Dex: 20    Spells: 17/18 levels left

rFire   . . .      SeeInvis .   m - +0 spear (venom)
rCold   + . .      Faith    .   (no shield)
rNeg    . . .      Spirit   .   a - +1 robe
rPois   .          Reflect  .   (no helmet)
rElec   .          Harm     .   v - +0 cloak
rCorr   .          Rampage  .   (no gloves)
Will    +....                   l - +0 pair of boots
Stlth   ++++......              h - amulet of the acrobat
HPRegen 0.19/turn               d - ring of the Tortoise {AC+8}
MPRegen 0.16/turn               e - +6 ring of dexterity

@: lethally poisoned (-3 -> -19), corroded
A: (nimble swimmer 2), mertail, cold resistance 1, high MP 1, strong-willed 1,
noise suppression
a: no special abilities


You were on level 7 of the Dungeon.
You visited 1 branch of the dungeon, and saw 7 of its levels.

You collected 460 gold pieces.

Inventory:

Hand Weapons
 g - the +6 sling of Faleroex {freeze, rF+ rN+ Int+5}
   (You found it on level 4 of the Dungeon)

   Any ammunition fired from it freezes those it strikes, dealing additional
   cold damage.
   It can also slow down cold-blooded creatures.
   Int:       It affects your intelligence (+5).
   rF:        It protects you from fire.
   rN:        It protects you from negative energy.
 m - a +0 spear of venom (weapon)
 x - a +2 hand axe of flaming
Armour
 a - a +1 robe (worn)
 i - a +0 chain mail
 k - a +0 leather armour
 l - a +0 pair of boots (worn)
 v - a +0 cloak (worn)
Magical Staves
 f - a staff of death
Jewellery
 d - the ring of the Tortoise (left hand) {AC+8}
   (You acquired it on level 2 of the Dungeon)

   [ring of protection]

   AC:        It affects your AC (+8).
 e - a +6 ring of dexterity (right hand)
 h - an amulet of the acrobat (around neck)
Scrolls
 n - a scroll of blinking
 s - 2 scrolls of teleportation
 u - a scroll of silence {unknown}
 y - a scroll of fog {unknown}
Potions
 b - a potion of magic
 c - a potion of flight
 j - 4 potions of attraction
 o - 3 potions of brilliance
 p - 2 potions of mutation
 q - 2 potions of curing {unknown}
 r - a potion of degeneration {unknown}
 t - a potion of haste {unknown}
 w - a potion of might


   Skills:
 + Level 6.9 Polearms
 + Level 7.8 Dodging
 + Level 6.9 Stealth
 + Level 5.4 Spellcasting
 + Level 7.4 Transmutations
 + Level 6.9 Poison Magic


You had 17 spell levels left.
You knew the following spells:

 Your Spells              Type           Power      Damage    Failure   Level
a - Sting                 Tmut/Pois      100%       1d8       1%          1

Your spell library contained the following spells:

 Spells                   Type           Power      Damage    Failure   Level
 Poisonous Vapours        Pois/Air       36%        N/A       4%          2
 Ignite Poison            Fire/Tmut/Pois 23%        N/A       4%          3
 Olgreb's Toxic Radiance  Pois           31%        N/A       7%          4
 Freeze                   Ice            20%        1d4       12%         1
 Mephitic Cloud           Conj/Pois/Air  13%        N/A       14%         3
 Ice Form                 Ice/Tmut       19%        N/A       26%         4
 Conjure Flame            Conj/Fire      5%         6-21      34%         3
 Frozen Ramparts          Ice            10%        1d2       34%         3
 Hailstorm                Conj/Ice       5%         3d4       75%         4
 Sticky Flame             Conj/Fire      5%         2d3       75%         4
 Summon Ice Beast         Ice/Summ       5%         N/A       75%         4


Dungeon Overview and Level Annotations

Branches:
Dungeon (7/15)             Temple (0/1) D:7

Altars:
Ashenzari
Elyvilon
Ru

Shops:
D:3 :


Innate Abilities, Weirdness & Mutations

((You are very nimble when in or above water. (Stealth+, EV+, Speed+++)))
Your lower body shifts to a powerful aquatic tail in water.
Your flesh is cold resistant. (rC+)
You have an increased reservoir of magic. (+10% MP)
You are strong-willed. (Will+)
You passively dampen the noise of your surroundings.


Message History

The water moccasin is lightly wounded.
You feel sick.
The killer bee misses you. x2; The water moccasin bites you!
The killer bee misses you. The killer bee closely misses you.
You hit the killer bee.
You kill the killer bee!
You feel sick.
The killer bee stings you but does no damage.
The water moccasin bites you but does no damage.
The killer bee barely misses you.
You miss the killer bee.
The killer bee is severely wounded.
The water moccasin barely misses you. The killer bee closely misses you.
The jelly hits you but does no damage.
You barely miss the killer bee.
The killer bee is severely wounded.
You feel sick. The killer bee closely misses you.
The water moccasin bites you but does no damage.
The jelly misses you. The killer bee closely misses you.
You hit the killer bee.
The killer bee looks as sick as possible!
The killer bee is almost dead.
You feel sick.
You are no longer poisoned.
You kill the killer bee!
The water moccasin barely misses you.
You hit the jelly but do no damage. The acid corrodes you!
Your hands burn!
* * * LOW HITPOINT WARNING * * *
The water moccasin completely misses you.
The jelly hits you but does no damage. The water moccasin barely misses you.
You hit the jelly but do no damage.
The jelly is poisoned.
Your hands burn!
* * * LOW HITPOINT WARNING * * *
The jelly barely misses you. The water moccasin bites you!
* * * LOW HITPOINT WARNING * * *
You are lethally poisoned!
The water moccasin poisons you!
It was a potion of mutation.
You feel extremely strange.
You feel more energetic.
You feel resistant to cold.
You feel your surroundings grow quieter.
You feel strong-willed.
You die...

#... ##.....## #....#.
#....#.......# #....##
#.(..#.......# ##...##
#....'......########....##
#...>#......##.....#......
#..J #.......#............
#.. #..†....+..........##
#. ##.SJ†..#..........## #
###@####...####...##
##.....#########...##
#...........#........
+...........#........
#...........#......##
#...........#......##
#......##...##.....#.
##.....#######.....+.
##.....##...##.....##


You could see a water moccasin (poisoned) and a jelly (very poisoned).

Vanquished Creatures
  Pikel (D:6)
  Duvessa (D:7)
  2 water moccasins
  3 ice beasts
  An orc warrior (D:7)
  2 black bears
  3 ogres
  4 phantoms
  2 centaurs
  A kobold brigand (D:6)
  2 necrophages
  3 bullfrogs
  Dowan (D:7)
  3 killer bees (D:7)
  2 jellies
  3 hounds
  2 orc priests
  2 iguanas (D:6)
  6 orc wizards
  3 adders
  A gnoll (D:1)
  2 shadow imps (D:6)
  A white imp (D:6)
  5 worms
  2 dart slugs (D:1)
  28 orcs
  6 bats
  6 endoplasms
  5 giant cockroaches
  8 goblins
  2 hobgoblins
  2 jackals (D:1)
  11 kobolds
  3 quokkas
  11 ball pythons
  6 frilled lizards
  5 rats
  A bush (D:5)
152 creatures vanquished.

Notes
Turn   | Place    | Note
-------+----------+-------------------------------------------
     0 | D:1      | mtoz the Merfolk Venom Mage began the quest for the Orb.
     0 | D:1      | Reached XP level 1. HP: 13/13 MP: 3/3
   182 | D:1      | Reached XP level 2. HP: 19/19 MP: 0/5
   236 | D:1      | Found a faded altar of an unknown god.
   429 | D:1      | Learned a level 2 spell: Poisonous Vapours
   879 | D:1      | Reached XP level 3. HP: 24/24 MP: 1/6
  2027 | D:2      | Reached XP level 4. HP: 30/30 MP: 3/7
  2133 | D:2      | Identified a scroll of acquirement
  2134 | D:2      | Acquired the ring of the Tortoise {AC+8}
  2134 | D:2      | Found the ring of the Tortoise {AC+8}
  2894 | D:3      | Found Woolih's Book Shoppe.
  3289 | D:3      | Reached skill level 1 in Polearms
  3289 | D:3      | Reached XP level 5. HP: 34/35 MP: 4/9
  4145 | D:4      | Noticed a centaur
  4536 | D:4      | Killed a centaur
  4537 | D:4      | Reached XP level 6. HP: 24/41 MP: 2/10
  4818 | D:4      | Identified the +6 sling of Faleroex {freeze, rF+ rN+ Int+5}
  5176 | D:5      | Entered Level 5 of the Dungeon
  5562 | D:5      | Reached XP level 7. HP: 24/46 MP: 11/11
  5708 | D:5      | Found a sacrificial altar of Ru.
  5746 | D:5      | Found a broken altar of Ashenzari.
  5746 | D:5      | Found a white marble altar of Elyvilon.
  5982 | D:5      | Reached skill level 5 in Dodging
  6426 | D:5      | Reached skill level 5 in Poison Magic
  6436 | D:5      | Reached XP level 8. HP: 51/52 MP: 2/13
  6781 | D:5      | Reached skill level 5 in Transmutations
  6904 | D:5      | Reached skill level 5 in Stealth
  7369 | D:6      | Reached skill level 5 in Polearms
  8173 | D:6      | Reached XP level 9. HP: 57/57 MP: 10/15
  8756 | D:7      | Found a staircase to the Ecumenical Temple.
  8763 | D:7      | Noticed Dowan
  8769 | D:7      | Noticed Duvessa
  8931 | D:7      | Killed Duvessa
  9026 | D:7      | Killed Dowan
  9562 | D:7      | Noticed Pikel
  9585 | D:6      | Killed Pikel
  9586 | D:6      | Reached skill level 5 in Spellcasting
 10006 | D:7      | HP: 1/57 [water moccasin (8)]
 10007 | D:7      | Gained mutation: You have an increased reservoir of magic.
                  | (+10% MP) [potion of mutation]
 10007 | D:7      | Gained mutation: Your flesh is cold resistant. (rC+)
                  | [potion of mutation]
 10007 | D:7      | Gained mutation: You passively dampen the noise of your
                  | surroundings. [potion of mutation]
 10007 | D:7      | Gained mutation: You are strong-willed. (Will+) [potion of
                  | mutation]
 10007 | D:7      | Succumbed to a water moccasin's poison

Illustrated notes

Levels and vault maps discovered:
D:1:      minmay_arrival_four_loops, layout_basic,
          hellmonk_ecumenical_altar_lost_god
D:2:      layout_basic
D:3:      layout_rooms, serial_shops, shop, serial_curves, eino_curves_02,
          eino_curves_03, eino_curves_01, eino_curves_02
D:4:      layout_rooms
D:5:      layout_basic, gammafunk_temple_overflow_forgotten
D:6:      layout_loops_ring
D:7:      layout_gridville, slow_altar_1, minmay_temple_entry_junction,
          grunt_tough_drop, uniq_duvessa, uniq_pikel

Skill      XL: |  1  2  3  4  5  6  7  8  9 |
---------------+----------------------------+-----
Dodging        | 3 4 5 6 7 |  7.8
Transmutations | 2 3 4 6 7 |  7.4
Stealth        | 3 4 5 6 |  6.9
Polearms       | 1 2 4 5 6 |  6.9
Poison Magic   | 4 5 6 |  6.9
Spellcasting   | 3 4 5 |  5.4

Action                   |  1- 3 |  4- 6 |  7- 9 || total
-------------------------+-------+-------+-------++-------
Melee: Spear             |     3 |   131 |   366 ||   500
       Punch             |       |     1 |     5 ||     6
 Cast: Sting             |    79 |    94 |   185 ||   358
  Use: Scroll            |     3 |    11 |     1 ||    15
       Potion            |       |     2 |     1 ||     3
 Stab: Sleeping          |       |     1 |     1 ||     2
       Distracted        |       |       |     1 ||     1
Armor: Robe              |     9 |    79 |   148 ||   236
       Skin              |       |     6 |       ||     6
Dodge: Dodged            |    38 |    96 |   349 ||   483
